TKirby, lawful female dwarven Valkyrie --+---- ----- #....... |...-###########|.....| |..<| #|......# ....| |*....|# |...+ |.....|# ----- -------# #@a%### ### `### # ### # TKirby the Skirmisher Experience level: 5 Strength: 12 Dexterity: 17 Constitution: 18 Intelligence: 10 Wisdom: 8 Charisma: 8 Health: 0(59) Energy: 9(9) Def: 9 Gold: 480 Moves: 3120 Dungeon seed: 5iA9bxWVZ50Y2Sde Game ID: TKirby_1496597610 Your Inventory: Coins $ - 480 gold pieces Weapons a - a +1 long sword (weapon in hand) h - a +0 orcish dagger t - 8 cursed -2 darts u - a blessed +0 spear (in quiver) Armor e - an uncursed +3 small shield (being worn) n - a cursed +0 chain mail (being worn) r - an uncursed +0 cloak of invisibility Comestibles z - an uncursed partly eaten yellow mold corpse Scrolls p - a cursed scroll of identify q - 3 uncursed scrolls of identify s - an uncursed scroll of blank paper y - an uncursed scroll of create monster Potions v - a blessed potion of object detection A - an uncursed potion of extra healing Wands d - a wand of sleep (0:4) Tools f - an uncursed skeleton key w - an uncursed leash x - an uncursed brass lantern (0:1477) Spells and supernatural/magical abilities: Name Level Category Fail Memory W - pray for help -- divine ? -- Your skills at the end: Fighting Skills Weapon Skills dagger [Basic] long sword [Basic] Spellcasting Skills Final Attributes: You were piously aligned. You were cold resistant. You had infravision. You were stealthy. Tyr was angry with you. You are dead. Vanquished creatures: a large mimic a small mimic a rock piercer a yellow light an elf zombie a floating eye a kitten 2 homunculi an acid blob 2 coyotes a gas spore 2 hobgoblins 2 giant rats 4 cave spiders 2 yellow molds 2 gnome zombies 2 geckos 4 jackals a fox 2 goblins 12 grid bugs 6 lichens 6 newts 58 creatures vanquished. Voluntary challenges: You followed a strict vegan diet. You used a wielded weapon 58 times, starting on turn 44. You read items or engraved 6 times, starting on turn 723. You never genocided any monsters. You never polymorphed an object. You never changed form. You used no wishes. You never split a pudding. You never wrote Elbereth's name. You never violated your personal moral code. Dungeon overview: The Dungeons of Doom: levels 1 to 7 Level 1 a fountain a long staircase Level 2 a general store, some fountains Level 3 a scroll shop a long staircase Level 4 some fountains Level 5 a hardware shop Level 6 Level 7 <- You were here History has recorded: On T:1 you entered the Dungeons of Doom to retrieve the Amulet of Yendor! On T:423 you reached level 2 of The Dungeons of Doom. On T:902 you advanced to experience level 2. On T:1087 you reached level 3 of The Dungeons of Doom. On T:1170 you advanced to experience level 3. On T:1233 you advanced to experience level 4. On T:1668 you reached level 4 of The Dungeons of Doom. On T:2073 you reached level 5 of The Dungeons of Doom. On T:2529 you reached level 6 of The Dungeons of Doom. On T:2937 you advanced to experience level 5. On T:3053 you reached level 7 of The Dungeons of Doom. Score breakdown: Gold: 480 ( 9123 points) Experience: 5 levels (11141 points) Exploration: 7 levels ( 14.00%) (10497 points) Discoveries: 9 items ( 3.66%) ( 5738 points) Valuables value: (no points given unless you survive) Artifact value: 0 ( 0 points) Variety of kills: 23 monsters ( 6.04%) ( 7370 points) Turncount: 3120 turns ( -657 points) Survival: died (score multiplied by 80%) Total score: 34569 Latest messages: The pony kicks! The pony bites! You hit the pony. The pony kicks! The pony bites! You hit the pony. The pony turns to flee! The hobgoblin wields a scimitar! You kill the hobgoblin! You try to move the boulder, but in vain. A - a smoky potion. There are a few more objects here. You begin praying to Tyr. You hear a door open. You feel that Tyr is displeased. You hit the soldier ant! The soldier ant bites! The soldier ant misses. The soldier ant bites! The soldier ant stings! You die... Final status: Farvel TKirby the Valkyrie, killed by a soldier ant... You died in The Dungeons of Doom on dungeon level 7 with 34569 points, and 480 pieces of gold, after 3120 moves. You were level 5 with a maximum of 59 hit points when you died.